 Dungeon Crawl Stone Soup version 0.27.1 (webtiles) character file.

Game seed: 3184837006086465191

72 Malachi the Shield-Bearer (level 4, -8/41 HPs)
             Began as a Gnoll Fighter on Aug 20, 2021.
             Was a Priest of Jiyva.
             Mangled by an ogre (24 damage)
             ... on level 3 of the Dungeon.
             The game lasted 00:03:18 (2686 turns).

Malachi the Shield-Bearer (Gnoll Fighter)           Turns: 2686, Time: 00:03:19

Health: -8/41      AC:  7    Str: 17    XL:     4   Next: 25%
Magic:  5/5        EV:  8    Int:  8    God:    Jiyva [***...]
Gold:   8          SH: 10    Dex: 10    Spells: 5/5 levels left

rFire    . . .     SeeInvis .   a - +0 long sword
rCold    + . .     Faith    .   c - +0 kite shield
rNeg     . . .     Spirit   .   b - +0 scale mail
rPois    +         Reflect  .   (no helmet)
rElec    .         Harm     .   (no cloak)
rCorr    +         Rampage  .   (no gloves)
Will     .....                  (no boots)
Stlth    ..........             (no amulet)
HPRegen  0.13/turn              e - ring of poison resistance
MPRegen  0.09/turn              (no ring)

@: no status effects
A: fangs 1, strong nose, distributed training, cold resistance 1
a: Renounce Religion, Request Jelly


You were on level 3 of the Dungeon.
You worshipped Jiyva.
Jiyva was most pleased with you.
You visited 1 branch of the dungeon, and saw 4 of its levels.

You collected 8 gold pieces.

Inventory:

Hand Weapons
 a - a +0 long sword (weapon)
 f - a +1 dagger of venom
Armour
 b - a +0 scale mail (worn)
 c - a +0 kite shield (worn)
Jewellery
 e - a ring of poison resistance (left hand)
Potions
 g - 2 potions of magic {unknown}


   Skills:
 + Level 6.6 Fighting
 + Level 1.1 Short Blades
 + Level 4.6 Long Blades
 + Level 1.1 Axes
 + Level 1.1 Maces & Flails
 + Level 1.1 Polearms
 + Level 1.1 Staves
 + Level 1.1 Slings
 + Level 1.1 Bows
 + Level 1.1 Crossbows
 + Level 1.1 Throwing
 + Level 6.6 Armour
 + Level 1.1 Dodging
 + Level 1.1 Stealth
 + Level 6.6 Shields
 + Level 1.1 Unarmed Combat
 + Level 1.1 Spellcasting
 + Level 0.8 Conjurations
 + Level 0.8 Hexes
 + Level 0.8 Summonings
 + Level 0.8 Necromancy
 + Level 0.8 Translocations
 + Level 0.8 Transmutations
 + Level 0.8 Fire Magic
 + Level 0.8 Ice Magic
 + Level 0.8 Air Magic
 + Level 0.8 Earth Magic
 + Level 0.8 Poison Magic
 + Level 1.2 Invocations
 + Level 1.1 Evocations


You had 5 spell levels left.
You didn't know any spells.
Your spell library was empty.

Dungeon Overview and Level Annotations

Branches:
Dungeon (4/15)
 Temple: D:4-7

Altars:
Makhleb
Jiyva

Shops:
D:2 :


Innate Abilities, Weirdness & Mutations

You have very sharp teeth.
Your uncanny sense of smell can sniff out nearby items.
Your experience applies equally to all skills.
Your flesh is cold resistant. (rC+)


Message History

Unknown command.
You start resting.
Jiyva gurgles merrily.
HP restored.
You climb downwards.
The ogre barely misses you.
You hear a distant slurping noise.
Jiyva appreciates your sacrifice.
There is a stone staircase leading up here.
Unknown command.
The ogre hits you with a +0 giant club!
You hear a distant slurping noise.
You climb upwards.
There is a stone staircase leading down here.
Unknown command.
The ogre hits you with a +0 giant club! The ogre barely misses you.
Jiyva says: Divide and consume!
The ogre hits you with a +0 giant club!
* * * LOW HITPOINT WARNING * * *
The ogre hits the jelly with a +0 giant club!
The ogre is burned by acid!
The jelly hits the ogre.
The ogre is splashed with acid.
The ogre hits the jelly with a +0 giant club!!
The jelly dies!
The ogre hits the jelly with a +0 giant club!
The ogre is burned by acid!
The jelly hits the ogre.
The ogre is splashed with acid.
The acid corrodes the ogre!
The jelly barely misses the ogre.
The ogre hits the jelly with a +0 giant club!
The ogre seems to be corroded for longer.
The ogre is burned by acid!
The jelly hits the ogre.
The ogre is splashed with acid.
The ogre seems to be corroded for longer.
The ogre hits the jelly with a +0 giant club!
The jelly dies!
The ogre hits you with a +0 giant club. The ogre completely misses you.
The ogre hits you with a +0 giant club!!
Ouch! That really hurt!
You die...

.#.#.....#.......# #.# #...##
.#....#.....####.###.# ##..#
.#......##..# #..##.######..###
.#.....###.## ##.........#....##
...........#########.####........
J..<...###...........# ####.....
..##.>..#............## #.....
#.....#......J........# #.....
JJ######........@.....#### #.##.#
..####.....J.....O.......###.##.#
......J...................##.##.#
.......#...................#.##.#
.......##......J...........#.##.#
####.###########≈≈.........#.##.#
# #.# ##⌠#⌠##≈.........#.##.# #
#.# #≈≈≈§≈#§§.>......#.##.# # #.#
##≈..J§#§........##..#.#


You could see an ogre (corroded), 2 neutral jellies (fellow slime) and a neutral
endoplasm (wandering) (fellow slime).

Vanquished Creatures
  An orc wizard (D:4)
  An adder (D:4)
  A worm (D:2)
  2 orcs (D:4)
  5 bats (D:1)
  2 giant cockroaches
  3 goblins
  2 hobgoblins
  2 jackals (D:2)
  2 quokkas
  2 ball pythons
  2 frilled lizards
  4 kobolds
  A quokka skeleton (D:4)
  4 rats
34 creatures vanquished.

Vanquished Creatures (others)
  Sigmund (D:4)
  4 jellies
  A dart slug (D:1)
  An orc (D:4)
  A ball python (D:2)
  4 goblins
  A hobgoblin (D:3)
  A quokka (D:1)
  A frilled lizard (D:2)
  4 kobolds
  A rat (D:1)
20 creatures vanquished.

Grand Total: 54 creatures vanquished

Notes
Turn   | Place    | Note
-------+----------+-------------------------------------------
     0 | D:1      | Malachi the Gnoll Fighter began the quest for the Orb.
     0 | D:1      | Reached XP level 1. HP: 23/23 MP: 1/1
    88 | D:1      | Found a faded altar of an unknown god.
   100 | D:1      | Became a worshipper of Jiyva Juok the Shapeless
   100 | D:1      | Reached * piety under Jiyva
   211 | D:1      | Reached XP level 2. HP: 29/29 MP: 2/2
   335 | D:1      | Reached ** piety under Jiyva
   744 | D:2      | Found Qexkih's Book Boutique.
   928 | D:2      | Reached XP level 3. HP: 35/35 MP: 3/3
   965 | D:2      | You fall into a shaft and drop 2 floors!
   992 | D:4      | Reached skill level 1 in Invocations
   993 | D:4      | Reached skill level 1 in Short Blades
   993 | D:4      | Reached skill level 1 in Axes
   993 | D:4      | Reached skill level 1 in Maces & Flails
   993 | D:4      | Reached skill level 1 in Polearms
   993 | D:4      | Reached skill level 1 in Staves
   993 | D:4      | Reached skill level 1 in Slings
   993 | D:4      | Reached skill level 1 in Bows
   993 | D:4      | Reached skill level 1 in Crossbows
   993 | D:4      | Reached skill level 1 in Throwing
   993 | D:4      | Reached skill level 1 in Dodging
   993 | D:4      | Reached skill level 1 in Stealth
   993 | D:4      | Reached skill level 1 in Unarmed Combat
   993 | D:4      | Reached skill level 1 in Spellcasting
   993 | D:4      | Reached skill level 1 in Evocations
  1034 | D:3      | Reached *** piety under Jiyva
  1587 | D:3      | Reached XP level 4. HP: 41/41 MP: 5/5
  1669 | D:3      | Found a burning altar of Makhleb.
  1979 | D:4      | Noticed a steam dragon
  1979 | D:4      | Noticed Sigmund
  2000 | D:4      | Killed Sigmund
  2366 | D:4      | Noticed an ogre
  2428 | D:4      | Gained mutation: Your flesh is cold resistant. (rC+)
                  | [Jiyva's grace]
  2686 | D:3      | Mangled by an ogre

Illustrated notes

Levels and vault maps discovered:
D:1:      beargit_arrival_diablo_church, layout_basic,
          hellmonk_ecumenical_altar_run_dry
D:2:      layout_rooms, serial_shops, shop
D:3:      layout_rooms, lightli_temple_of_fire, minmay_misc_feat_five
D:4:      layout_basic, minmay_temple_entry_tees, serial_glass, glass_columns_a,
          glass_columns_a, glass_columns_a, glass_columns_a, glass_columns_c,
          glass_columns_a, glass_columns_a, glass_columns_a, glass_columns_c,
          glass_columns_b, kennysheep_generic_room_5, uniq_sigmund

Skill      XL: |  1  2  3 |
---------------+----------+-----
Invocations    | 1 |  1.2
Short Blades   | 1 |  1.1
Axes           | 1 |  1.1
Maces & Flails | 1 |  1.1
Polearms       | 1 |  1.1
Staves         | 1 |  1.1
Slings         | 1 |  1.1
Bows           | 1 |  1.1
Crossbows      | 1 |  1.1
Throwing       | 1 |  1.1
Dodging        | 1 |  1.1
Stealth        | 1 |  1.1
Unarmed Combat | 1 |  1.1
Spellcasting   | 1 |  1.1
Evocations     | 1 |  1.1
Fighting       | |  6.6
Long Blades    | |  4.6
Armour         | |  6.6
Shields        | |  6.6
Conjurations   | |  0.8
Hexes          | |  0.8
Summonings     | |  0.8
Necromancy     | |  0.8
Translocations | |  0.8
Transmutations | |  0.8
Fire Magic     | |  0.8
Ice Magic      | |  0.8
Air Magic      | |  0.8
Earth Magic    | |  0.8
Poison Magic   | |  0.8

Action                   |  1- 3 |  4- 6 || total
-------------------------+-------+-------++-------
Melee: Long sword        |    76 |    14 ||    90
       Bite              |     7 |     2 ||     9
  Use: Potion            |     1 |       ||     1
       Scroll            |       |     1 ||     1
Armor: Scale mail        |    29 |     8 ||    37
Dodge: Dodged            |    25 |     7 ||    32
Block: Kite shield       |    52 |    16 ||    68
       Rpst.: Long sword |     8 |     3 ||    11
